 Dungeon Crawl Stone Soup version 0.29.0-5-ge4962eb29e (webtiles) character file.

Game seed: 5151835571779921505

19122 Mahakala the Bludgeoner (level 12, -4/80 HPs)
             Began as a Gargoyle Fighter on Aug 29, 2022.
             Was a High Priest of Zin.
             Slain by a sun demon (8 damage)
             ... in a volcano.
             The game lasted 00:49:17 (12998 turns).

Mahakala the Bludgeoner (Gargoyle Fighter)         Turns: 12998, Time: 00:49:18

Health: -4/80      AC: 25    Str: 32    XL:     12   Next: 65%
Magic:  15/15      EV:  8    Int:  8    God:    Zin [*****.]
Gold:   481        SH:  9    Dex:  9    Spells: 11/11 levels left

rFire   + . .      SeeInvis .   a - +1 flail (spect)
rCold   + . .      Faith    .   c - +0 buckler
rNeg    + . .      Spirit   .   y - +0 chain mail
rPois   ∞          Reflect  +   (no helmet)
rElec   +          Harm     .   m - +0 cloak
rCorr   +          Rampage  .   w - +0 pair of gloves
Will    .....                   i - +1 pair of boots
Stlth   ..........              o - amulet "Zehedwe" {Reflect Fragile rPois Str+6 SH+5}
HPRegen 0.23/turn               (no ring)
MPRegen 0.14/turn               (no ring)

@: mighty, resistant, on berserk cooldown, slowed, very slow
A: sickness immunity, AC +8, negative energy resistance 1, electricity
resistance, torment resistance 1, petrification resistance
a: Renounce Religion, Recite, Vitalisation, Imprison, Sanctuary, Donate Gold


You were in a volcano.
You worshipped Zin.
Zin was extremely pleased with you.
You visited 3 branches of the dungeon, and saw 13 of its levels.
You also visited: Sewer, Ossuary and Volcano.

You collected 711 gold pieces.
You spent 159 gold pieces at shops.
You donated 71 gold pieces to Zin.

Inventory:

Hand Weapons
 a - a +1 spectral flail (weapon)
 O - a +2 whip of electrocution
Missiles
 h - 16 poisoned darts (quivered)
 B - 2 throwing nets {!f}
 M - 5 boomerangs
Armour
 c - a +0 buckler (worn)
 i - a +1 pair of boots (worn)
 m - a +0 cloak (worn)
 w - a +0 pair of gloves (worn)
 y - a +0 chain mail (worn)
 A - a +0 plate armour
Jewellery
 f - a ring of resist corrosion
 o - the amulet "Zehedwe" (around neck) {Reflect Fragile rPois Str+6 SH+5}
   (You found it on level 2 of the Dungeon)

   [amulet of reflection]

   It reflects blocked missile attacks.
   Str:       It affects your strength (+6).
   rPois:     It protects you from poison.
   Fragile:   It will be destroyed if unequipped.
   SH:        It affects your SH (+5).
 H - a ring of positive energy
Wands
 d - a wand of iceblast (8)
 t - a wand of flame (18)
 u - a wand of paralysis (5)
 v - a wand of digging (10)
 x - a wand of acid (2)
Scrolls
 b - a scroll of summoning
 e - 3 scrolls of teleportation {@r4}
 g - 2 scrolls of enchant armour
 j - 7 scrolls of immolation {!r}
 n - 4 scrolls of butterflies
 p - 5 scrolls of enchant weapon
 q - 2 scrolls of amnesia {unknown}
 r - a scroll of brand weapon
 s - 2 scrolls of poison {unknown}
 z - 5 scrolls of blinking
 F - 2 scrolls of fear
 G - a scroll of acquirement {unknown}
 J - a scroll of silence {unknown}
 K - 3 scrolls of identify {@r1}
 L - a scroll of torment {unknown}
 N - a scroll of magic mapping {unknown}
 R - 3 scrolls of vulnerability {!r}
Potions
 k - a potion of flight
 l - 4 potions of cancellation
 C - 6 potions of brilliance
 D - 2 potions of berserk rage
 E - 2 potions of attraction {!q}
 I - a potion of resistance
 P - 3 potions of heal wounds {unknown}
 Q - a potion of might
 S - a potion of magic {unknown}


   Skills:
 + Level 11.1 Fighting
 * Level 15.2 Maces & Flails
 + Level 10.1 Armour
 - Level 4.0 Shields
 - Level 5.0 Invocations


You had 11 spell levels left.
You didn't know any spells.
Your spell library contained the following spells:

 Spells                   Type           Power      Damage    Failure   Level
 Confusing Touch          Hex            0%         N/A       99%         3
 Gell's Gravitas          Tloc           0%         N/A       99%         3
 Ignite Poison            Fire/Tmut/Pois 0%         N/A       99%         3
 Lesser Beckoning         Tloc           0%         N/A       99%         3
 Spider Form              Tmut/Pois      0%         N/A       99%         3
 Stone Arrow              Conj/Erth      0%         3d7       99%         3
 Teleport Other           Tloc           0%         N/A       99%         3
 Animate Armour           Summ/Erth      0%         N/A       100%        4
 Summon Lightning Spire   Summ/Air       0%         N/A       100%        4
 Summon Forest            Summ/Tloc      0%         N/A       100%        5
 Summon Mana Viper        Hex/Summ       0%         N/A       100%        5
 Yara's Violent Unravell  Hex/Tmut       0%         3d3       100%        5
 Conjure Ball Lightning   Conj/Air       0%         3x3d6     100%        6
 Summon Cactus Giant      Summ           0%         N/A       100%        6
 Enfeeble                 Hex            0%         N/A       100%        7
 Lehudib's Crystal Spear  Conj/Erth      0%         10d2      100%        8


Dungeon Overview and Level Annotations

Branches:
Dungeon (11/15)            Temple (1/1) D:4            Lair (1/5) D:11
  Sewer (visited)         Ossuary (visited)         Volcano (1/1)
    Orc: D:9-12

Altars:
Ashenzari
Cheibriados
Dithmenos
Elyvilon
Fedhas
Gozag
Hepliaklqana
Kikubaaqudgha
Makhleb
Nemelex Xobeh
Okawaru
Qazlal
Ru
Sif Muna
Trog
Uskayaw
Vehumet
Wu Jian
Xom
Yredelemnul
Zin
The Shining One

Shops:
D:8 =?   D:10 *


Innate Abilities, Weirdness & Mutations

You are immune to sickness and miasma.
Your stone body is resilient. (AC +8)
You are immune to poison.
You resist negative energy. (rN+)
You are resistant to electric shocks. (rElec)
You are resistant to unholy torment.
You are immune to petrification.


Message History

You are exhausted.
You feel yourself slow down.
Unknown command.
You start resting.
You carefully extract the barbed spikes from your body.
Found a rocky tunnel leading out of this place.
You open the door.
A sun demon comes into view.
The sun demon shouts!
Found 16 gold pieces.
Marking area around an obsidian statue as unsafe for travelling.
Found 28 gold pieces.
An obsidian statue comes into view.
The obsidian statue moves out of view.
The sun demon hits you.
* * * LOW HITPOINT WARNING * * *
You are engulfed in flames!
You resist.
* * * LOW HITPOINT WARNING * * *
You closely miss the sun demon.
Your +1 spectral flail hits the sun demon.
You block the sun demon's attack.
You hit the sun demon but do no damage.
The sun demon is lightly wounded.
Your +1 spectral flail hits the sun demon.
The sun demon hits you!
* * * LOW HITPOINT WARNING * * *
You are engulfed in flames.
You resist.
* * * LOW HITPOINT WARNING * * *
The sun demon hits you but does no damage.
You feel very mighty all of a sudden.
You are ready to recite again.
You block the sun demon's attack.
The sun demon hits you but does no damage.
Unknown command.
You hit the sun demon.
The sun demon is lightly wounded.
Your +1 spectral flail hits the sun demon!
The sun demon hits you!
* * * LOW HITPOINT WARNING * * *
You are engulfed in flames!
You resist.
You die...

≈≈≈≈§≈≈≈§..# $..8..$
§≈≈§≈≈≈.§.. .§.≈.
§≈≈≈≈§≈.§# .....
§≈≈≈≈≈..# .5.
≈≈≈≈≈..## ...
≈≈≈§≈...## #.#
≈§§§§...8#######§####
§≈≈≈.......'.).(3...#
≈≈≈.....8####†..@...#
≈.....#### #)......#
...#.## #.......#
#.#### #.#...#.# ###
#.#...#.# #.#._.#.#
#∩##.##∩# ###### ##


You could see a sun demon, a quasit (summoned) and a friendly +1 spectral flail
(summoned).

Vanquished Creatures
  A two-headed ogre (D:10)
  A hell knight (Volcano)
  Nergalle (Lair:1)
  A lindwurm (Lair:1)
  A manticore (D:11)
  2 ugly things
  A cyclops (D:11)
  2 gargoyles
  A cane toad (Lair:1)
  Maggie (D:8)
  A komodo dragon (D:10)
  A red devil (Volcano)
  2 trolls
  A hornet (D:10)
  5 blink frogs (Lair:1)
  3 wyverns
  A wraith (D:9)
  15 yaks
  A vampire (D:9)
  4 fire bats (Volcano)
  Grum (D:8)
  Eustachio (D:5)
  2 basilisks (D:11)
  A steam dragon (D:10)
  9 vampire mosquitoes
  A hell hound (Volcano)
  10 water moccasins
  3 sky beasts
  A black bear (D:5)
  2 orc warriors
  An ogre (D:6)
  8 wolves
  3 centaurs
  Blork the orc (D:5)
  2 kobold brigands
  2 elf zombies (Ossuary)
  3 bullfrogs
  5 necrophages
  3 scorpions
  12 killer bees
  A howler monkey (D:8)
  6 lava snakes (Volcano)
  3 centaur zombies
  2 hounds (D:5)
  2 human zombies (Ossuary)
  11 orc priests
  A jelly (D:4)
  2 gnoll boudas (D:9)
  16 orc wizards
  An iguana (D:4)
  Ijyb (D:4)
  2 mummies (Ossuary)
  7 adders
  19 gnolls
  2 shadow imps
  2 white imps
  2 ufetubi (D:4)
  4 adder zombies (Ossuary)
  A worm (D:5)
  2 dart slugs (D:4)
  32 orcs
  7 bats
  14 endoplasms
  18 giant cockroaches
  7 goblins
  6 hobgoblins
  2 jackals (D:3)
  9 quokkas
  15 ball pythons
  11 frilled lizards
  2 goblin zombies (Ossuary)
  10 hobgoblin zombies (Ossuary)
  9 kobolds
  9 kobold zombies (Ossuary)
  5 orc zombies (Ossuary)
  8 rats
  A rat zombie (Ossuary)
  A spectral hobgoblin (D:2)
370 creatures vanquished.

Vanquished Creatures (collateral kills)
  A two-headed ogre (D:9)
  A gnoll (D:9)
2 creatures vanquished.

Vanquished Creatures (others)
  6 fungi
  19 plants
25 creatures vanquished.

Grand Total: 397 creatures vanquished

Notes
Turn   | Place    | Note
-------+----------+-------------------------------------------
     0 | D:1      | Mahakala the Gargoyle Fighter began the quest for the Orb.
     0 | D:1      | Reached XP level 1. HP: 14/14 MP: 1/1
   217 | D:1      | Reached XP level 2. HP: 19/19 MP: 2/2
   512 | D:1      | Reached XP level 3. HP: 23/23 MP: 3/3
   554 | D:1      | Got Rifeupp's Compendium of the Rank Wind
   962 | D:1      | Reached skill level 3 in Maces & Flails
  1231 | D:2      | Found a faded altar of an unknown god.
  1460 | D:2      | Identified the amulet "Zehedwe" {Reflect Fragile rPois
                  | Str+6 SH+5}
  1971 | D:3      | Reached XP level 4. HP: 29/29 MP: 4/4
  2080 | D:3      | Reached skill level 4 in Maces & Flails
  2080 | D:3      | Reached XP level 5. HP: 27/33 MP: 5/5
  2941 | D:4      | Reached skill level 5 in Maces & Flails
  2997 | D:4      | Reached XP level 6. HP: 38/38 MP: 6/6
  3011 | D:4      | Found a staircase to the Ecumenical Temple.
  3029 | Temple   | Entered the Ecumenical Temple
  3052 | Temple   | Became a worshipper of Zin the Law-Giver
  3052 | Temple   | Reached * piety under Zin
  3188 | D:4      | Reached skill level 6 in Maces & Flails
  3601 | D:4      | Noticed Ijyb
  3612 | D:4      | Killed Ijyb
  3832 | D:5      | Entered Level 5 of the Dungeon
  3838 | D:5      | Reached ** piety under Zin
  3876 | D:5      | Reached XP level 7. HP: 42/43 MP: 7/7
  3881 | D:5      | Reached skill level 7 in Maces & Flails
  3933 | D:5      | Noticed Eustachio
  3948 | D:5      | Killed Eustachio
  3997 | D:5      | Found a sand-covered staircase.
  4002 | D:5      | Identified the +6 scale mail of Inviolability {Harm rPois
                  | rN+ Int-3}
  4014 | Ossuary  | Entered an ossuary
  4028 | Ossuary  | Reached skill level 8 in Maces & Flails
  4125 | Ossuary  | Reached *** piety under Zin
  4126 | Ossuary  | Reached skill level 1 in Invocations
  4150 | Ossuary  | Reached XP level 8. HP: 40/48 MP: 7/9
  4464 | D:5      | Noticed Blork the orc
  4471 | D:5      | Killed Blork the orc
  4641 | D:6      | Reached skill level 5 in Fighting
  4696 | D:6      | Found a glowing drain.
  4710 | Sewer    | Entered a sewer
  4960 | Sewer    | Reached skill level 9 in Maces & Flails
  4968 | Sewer    | Reached **** piety under Zin
  4980 | Sewer    | Identified the +4 mace "Nysesuin" {drain, Int+3}
  5057 | D:6      | Identified the +1 dagger "Casix" {freeze, Will+}
  5318 | D:6      | Reached XP level 9. HP: 54/54 MP: 12/12
  5320 | D:6      | Reached skill level 5 in Invocations
  5815 | D:7      | Noticed a two-headed ogre
  6512 | D:7      | Found a broken altar of Ashenzari.
  6512 | D:7      | Found a blossoming altar of Fedhas.
  6562 | D:8      | Noticed Grum
  6570 | D:8      | Reached skill level 10 in Maces & Flails
  6687 | D:8      | Found Sutaum's Jewellery Shoppe.
  6943 | D:8      | Found Ehogi's Magic Scroll Boutique.
  6986 | D:8      | Noticed Maggie
  7002 | D:8      | Killed Maggie
  7174 | D:8      | Bought a scroll of blinking for 82 gold pieces
  7174 | D:8      | Bought a scroll of teleportation for 33 gold pieces
  7174 | D:8      | Bought a scroll of butterflies for 44 gold pieces
  7198 | D:8      | Killed Grum
  7211 | D:8      | Reached skill level 5 in Armour
  7384 | D:8      | Reached XP level 10. HP: 57/63 MP: 13/13
  7386 | D:8      | Reached skill level 11 in Maces & Flails
  7441 | D:8      | Reached ***** piety under Zin
  8289 | D:9      | Noticed a two-headed ogre
  8294 | D:9      | Killed a two-headed ogre
  8384 | D:9      | Reached skill level 12 in Maces & Flails
  8797 | D:9      | Reached XP level 11. HP: 18/69 MP: 14/14
  9280 | D:9      | Found a white marble altar of Elyvilon.
  9702 | D:10     | Entered Level 10 of the Dungeon
  9715 | D:10     | Noticed a two-headed ogre
  9724 | D:10     | Killed a two-headed ogre
  9726 | D:10     | Found Vuhaaqe's Assorted Antiques.
  9887 | D:10     | Reached skill level 13 in Maces & Flails
 10664 | D:10     | Found a basalt altar of Yredelemnul.
 10840 | D:11     | Noticed a purple ugly thing
 10884 | D:11     | Killed a purple ugly thing
 11040 | D:11     | Noticed a cyclops
 11066 | D:11     | Killed a cyclops
 11218 | D:11     | Reached skill level 14 in Maces & Flails
 11220 | D:11     | Reached skill level 10 in Fighting
 11277 | D:11     | Found a staircase to the Lair.
 11296 | D:11     | Reached XP level 12. HP: 39/77 MP: 15/15
 11814 | D:11     | Found an iron altar of Okawaru.
 11886 | Lair:1   | Entered Level 1 of the Lair of Beasts
 12401 | Lair:1   | Noticed Nergalle
 12415 | Lair:1   | Killed Nergalle
 12489 | Lair:1   | Found a dark tunnel.
 12545 | Volcano  | Entered a volcano
 12866 | Volcano  | Reached skill level 15 in Maces & Flails
 12953 | Volcano  | Noticed a hell knight
 12954 | Volcano  | Found a radiant altar of Vehumet.
 12965 | Volcano  | Killed a hell knight
 12966 | Volcano  | Reached skill level 10 in Armour
 12991 | Volcano  | Noticed a sun demon
 12998 | Volcano  | HP: 4/80 [sun demon (8)]
 12998 | Volcano  | Slain by a sun demon

Illustrated notes

Levels and vault maps discovered:
D:1:      lightli_arrival_lavapool, layout_loops_ring
D:2:      layout_basic, dreamdust_ecumenical_altar_drowned_temple,
          kennysheep_cross_bottleneck, corexii_corridor_pit
D:3:      layout_rooms
D:4:      layout_cave_pods, temple_doors_e, uniq_ijyb
D:5:      layout_rooms, nicolae_ossuary_entry_plus, uniq_eustachio,
          uniq_blork_the_orc
D:6:      hellmonk_destroyed_diamonds, layout_gridville, gup_sewer_entry_pipe
D:7:      layout_gridville, gammafunk_temple_overflow_wave
D:8:      layout_cave_pools, serial_shops, shop_scrolls, shop,
          serial_column_ruins, column_ruins_square_huge, column_ruins_grid_1,
          column_ruins_open_small_water, column_ruins_columns_water,
          column_ruins_corridor_corner, column_ruins_corridor_straight,
          column_ruins_grid_1, st_stairs_5, lemuel_flame_loot_1, uniq_grum,
          uniq_maggie
D:9:      layout_layer_cave, kennysheep_little_box
D:10:     layout_irregular_city, lemuel_zombie_altar_yredelemnul, serial_shops,
          shop
D:11:     layout_rooms, minmay_lair_entry_grove, chequers_serial_rivers_large_b,
          kennysheep_okawaru_gauntlet
Temple:   nicolae_temple_no_exploring_needed
Lair:1:   layout_misc_corridors, nicolae_volcano_entry_vermiform,
          infiniplex_staircase_pool_2, serial_bayou_shore_b, uniq_nergalle
Volcano:  volcano_grotto [vgs_statue_spotlight]

Skill      XL: |  1  2  3  4  5  6  7  8  9 10 11 12 |
---------------+-------------------------------------+-----
Maces & Flails | 3 4 5 6 8 9 10 12 14 15 | 15.2
Fighting       | 4 5 7 8 10 11 | 11.1
Shields        | 4 |  4.0
Invocations    | 1 4 5 |  5.0
Armour         | 5 7 9 10 | 10.1

Action                   |  1- 3 |  4- 6 |  7- 9 | 10-12 || total
-------------------------+-------+-------+-------+-------++-------
Melee: Flail             |   147 |    94 |   265 |   404 ||   910
Throw: Dart              |       |       |       |     1 ||     1
Invok: Recite            |       |       |     1 |    10 ||    11
  Use: Scroll            |     2 |     5 |     9 |     3 ||    19
       Potion            |       |       |       |     5 ||     5
 Stab: Invisible         |       |       |     1 |       ||     1
       Distracted        |       |       |       |     3 ||     3
       Confused          |       |       |       |     2 ||     2
       Paralysed         |       |       |       |     1 ||     1
Armor: Scale mail        |    76 |    20 |       |       ||    96
       Chain mail        |       |    15 |    86 |   221 ||   322
Dodge: Dodged            |    73 |    36 |    52 |   110 ||   271
Block: Buckler           |    31 |    21 |    93 |   156 ||   301
       Reflection        |       |       |     7 |     6 ||    13
